CAL (WIN)
LANCASTER JETHAWKS @ ST. LUCIE METS
12/04/2045
 
TOP OF THE 1ST
Lancaster JetHawks batting - Pitching for St. Lucie Mets : RHP Zhao-ying Joe
Pitching: RHP Zhao-ying Joe
Batting: RHB Ben Hoffman 0-0: Called Strike
0-1: Ball
1-1: SINGLE (Groundball, 6M, EV 113.1 MPH) (infield hit)
Batting: RHB Masaru Konno 0-0: Called Strike
Ben Hoffman steals 2nd base
0-1: Called Strike
0-2: Strikes out swinging
Batting: RHB Elijah Hunter 0-0: Called Strike
0-1: Swinging Strike
0-2: Ball
1-2: Foul Ball, location: 2F
1-2: Reached on error, E5 (Groundball, 56, EV 85.6 MPH)
Ben Hoffman to third
Batting: RHB Jordan Williams 0-0: Ball
1-0: Ball
2-0: Fly out, F8 (Flyball, 8RD, EV 107.5 MPH)
Runner from 3rd tags up, SCORES, no throw by CF
Batting: LHB Mark Dearth 0-0: Ball
1-0: Ball
2-0: Called Strike
2-1: Swinging Strike
2-2: Foul Ball, location: 2F
2-2: Foul Ball, location: 2F
2-2: Foul Ball, location: 2F
2-2: Strikes out swinging
Top of the 1st over - 1 run, 1 hit, 1 error, 1 left on base; Lancaster 1 - St. Lucie 0
BOTTOM OF THE 1ST
St. Lucie Mets batting - Pitching for Lancaster JetHawks : RHP Moises Hernandez Jr.
Pitching: RHP Moises Hernandez Jr.
Batting: SHB Jason Larson 0-0: Ball
1-0: Called Strike
1-1: SINGLE (Groundball, 34D, EV 97.5 MPH)
Batting: SHB Justin Wallace 0-0: Called Strike
0-1: Ball
1-1: Ball
2-1: Grounds into double play, 5-4-3 (Groundball, 56, EV 81.2 MPH)
Batting: LHB Adam Hairston 0-0: Called Strike
0-1: Ball
1-1: Fly out, F8 (Flyball, 8RM, EV 80.6 MPH)
Bottom of the 1st over - 0 runs, 1 hit, 0 errors, 0 left on base; Lancaster 1 - St. Lucie 0
TOP OF THE 2ND
Lancaster JetHawks batting - Pitching for St. Lucie Mets : RHP Zhao-ying Joe
Batting: RHB Sean Mounts 0-0: Ball
1-0: Ball
2-0: Called Strike
2-1: Ground out 5-3 (Groundball, 5S, EV 88.1 MPH)
Batting: RHB Andrew Pride 0-0: Called Strike
0-1: Swinging Strike
0-2: Ball
1-2: Ball
2-2: Strikes out swinging
Batting: RHB Workneh Lagat 0-0: Ball
1-0: Ball
2-0: Ball
3-0: Base on Balls
Batting: LHB Ruben Rojas 0-0: Ball
1-0: Fielders Choice at 2nd, 5-4 (Groundball, 5, EV 93.1 MPH)
Top of the 2nd over - 0 runs, 0 hits, 0 errors, 1 left on base; Lancaster 1 - St. Lucie 0
BOTTOM OF THE 2ND
St. Lucie Mets batting - Pitching for Lancaster JetHawks : RHP Moises Hernandez Jr.
Batting: SHB Jason Evans 0-0: Ground out 6-3 (Groundball, 6, EV 81.9 MPH)
Batting: RHB Bobby Mabrey 0-0: Ground out 4-3 (Groundball, 4, EV 88.1 MPH)
Batting: RHB Artyom Shavkunov 0-0: Ground out 6-3 (Groundball, 6M, EV 86.9 MPH)
Bottom of the 2nd over - 0 runs, 0 hits, 0 errors, 0 left on base; Lancaster 1 - St. Lucie 0
TOP OF THE 3RD
Lancaster JetHawks batting - Pitching for St. Lucie Mets : RHP Zhao-ying Joe
Batting: RHB Ben Hoffman 0-0: Called Strike
0-1: Called Strike
0-2: Ball
1-2: Ball
2-2: Strikes out swinging
Batting: RHB Masaru Konno 0-0: Ball
1-0: Ground out 5-3 (Groundball, 56S, EV 85.6 MPH)
Batting: RHB Elijah Hunter 0-0: Ball
1-0: Ball
2-0: Ground out 6-3 (Groundball, 6, EV 88.1 MPH)
Top of the 3rd over - 0 runs, 0 hits, 0 errors, 0 left on base; Lancaster 1 - St. Lucie 0
BOTTOM OF THE 3RD
St. Lucie Mets batting - Pitching for Lancaster JetHawks : RHP Moises Hernandez Jr.
Batting: RHB Jake Geib 0-0: Ball
1-0: Ball
2-0: Fly out, F7 (Line Drive, 7S, EV 93.1 MPH)
Batting: RHB Frank Shaw 0-0: Called Strike
0-1: Ball
1-1: Ball
2-1: Fly out, F4 (Popup, 34D, EV 56.2 MPH)
Batting: RHB Zhao-ying Joe 0-0: Ball
1-0: Ball
2-0: Called Strike
2-1: Foul Ball, location: 2F
2-2: Ball
3-2: Foul Ball, location: 2F
3-2: Strikes out looking
Bottom of the 3rd over - 0 runs, 0 hits, 0 errors, 0 left on base; Lancaster 1 - St. Lucie 0
TOP OF THE 4TH
Lancaster JetHawks batting - Pitching for St. Lucie Mets : RHP Zhao-ying Joe
Batting: RHB Jordan Williams 0-0: Ball
1-0: Ball
2-0: Ball
3-0: Base on Balls
Batting: LHB Mark Dearth 0-0: Ball
1-0: Foul Ball, location: 2F
1-1: Ball
2-1: Ball
3-1: Foul Ball, location: 2F
3-2: Strikes out swinging
Batting: RHB Sean Mounts 0-0: Ball
1-0: Fly out, F8 (Flyball, 8RD, EV 89.4 MPH)
Batting: RHB Andrew Pride 0-0: Called Strike
0-1: Ball
1-1: Fly out, F4 (Flyball, 34D, EV 95.0 MPH)
Top of the 4th over - 0 runs, 0 hits, 0 errors, 1 left on base; Lancaster 1 - St. Lucie 0
BOTTOM OF THE 4TH
St. Lucie Mets batting - Pitching for Lancaster JetHawks : RHP Moises Hernandez Jr.
Batting: SHB Jason Larson 0-0: Ground out 4-3 (Groundball, 3D, EV 101.9 MPH)
Batting: SHB Justin Wallace 0-0: Called Strike
0-1: Ground out 4-3 (Groundball, 4, EV 84.4 MPH)
Batting: LHB Adam Hairston 0-0: Ball
1-0: Called Strike
1-1: Called Strike
1-2: Strikes out swinging
Bottom of the 4th over - 0 runs, 0 hits, 0 errors, 0 left on base; Lancaster 1 - St. Lucie 0
TOP OF THE 5TH
Lancaster JetHawks batting - Pitching for St. Lucie Mets : RHP Zhao-ying Joe
Batting: RHB Workneh Lagat 0-0: Hit by Pitch
Batting: LHB Ruben Rojas 0-0: SINGLE (Groundball, 6, EV 98.8 MPH)
Workneh Lagat to second
Batting: RHB Ben Hoffman 0-0: Ball
1-0: Ball
2-0: Fielders Choice at 2nd, 4-6 (Groundball, 34, EV 81.2 MPH)
Workneh Lagat to third
Batting: RHB Masaru Konno 0-0: Called Strike
Ben Hoffman steals 2nd base
0-1: Called Strike
0-2: Ball
1-2: Ball
2-2: Reached on error, E5 (Groundball, 5S, EV 83.8 MPH)
Workneh Lagat scores
Ben Hoffman scores
Batting: RHB Elijah Hunter 0-0: Called Strike
0-1: Called Strike
0-2: Foul Ball, location: 2F
0-2: Foul Ball, location: 2F
0-2: SINGLE (Groundball, 56D, EV 109.4 MPH)
Masaru Konno to third
Batting: RHB Jordan Williams 0-0: Called Strike
0-1: Fly out, F4 (Flyball, 34D, EV 86.9 MPH)
Batting: LHB Mark Dearth 0-0: Foul Ball, location: 2F
0-1: Ball
1-1: SINGLE (Line Drive, 7LS, EV 102.5 MPH)
Masaru Konno scores
Elijah Hunter to second
Pitching: RHP Francis Cornick
Batting: RHB Sean Mounts 0-0: Foul Ball, location: 2F
0-1: Ball
Wild Pitch!
Elijah Hunter to third
Mark Dearth to second
1-1: Swinging Strike
1-2: Ball
2-2: Ball
3-2: Ground out 6-3 (Groundball, 56, EV 103.8 MPH)
Top of the 5th over - 3 runs, 3 hits, 1 error, 2 left on base; Lancaster 4 - St. Lucie 0
BOTTOM OF THE 5TH
St. Lucie Mets batting - Pitching for Lancaster JetHawks : RHP Moises Hernandez Jr.
Batting: SHB Jason Evans 0-0: Foul Ball, location: 2F
0-1: Called Strike
0-2: Ball
1-2: Ball
2-2: Ball
3-2: Strikes out swinging
Batting: RHB Bobby Mabrey 0-0: Ball
1-0: Swinging Strike
1-1: SOLO HOME RUN (Flyball, 7D, EV 98.1 MPH), Distance : 380 ft
Batting: RHB Artyom Shavkunov 0-0: Ball
1-0: Ball
2-0: SINGLE (Groundball, 34D, EV 111.9 MPH)
Batting: RHB Jake Geib 0-0: Called Strike
0-1: Foul Ball, location: 2F
0-2: Ball
1-2: Grounds into double play, 4-6-3 (Groundball, 4, EV 90.0 MPH)
Bottom of the 5th over - 1 run, 2 hits, 0 errors, 0 left on base; Lancaster 4 - St. Lucie 1
TOP OF THE 6TH
Lancaster JetHawks batting - Pitching for St. Lucie Mets : RHP Francis Cornick
Batting: RHB Andrew Pride 0-0: DOUBLE (Flyball, 8RD, EV 90.0 MPH)
Batting: RHB Workneh Lagat 0-0: Ball
1-0: Foul Ball, location: 2F
1-1: Fly out, F9 (Flyball, 89M, EV 95.0 MPH)
Batting: LHB Ruben Rojas 0-0: Ground out 4-3 (Groundball, 4, EV 102.5 MPH)
Andrew Pride to third
Batting: RHB Ben Hoffman 0-0: Called Strike
0-1: Swinging Strike
0-2: Foul Ball, location: 2F
0-2: Ball
1-2: Ground out 1-3 (Groundball, P, EV 73.1 MPH)
Top of the 6th over - 0 runs, 1 hit, 0 errors, 1 left on base; Lancaster 4 - St. Lucie 1
BOTTOM OF THE 6TH
St. Lucie Mets batting - Pitching for Lancaster JetHawks : RHP Moises Hernandez Jr.
Batting: RHB Frank Shaw 0-0: Ground out 6-3 (Groundball, 6, EV 86.2 MPH)
Now at SS: Bob Dietz
Batting: RHB Zhao-ying Joe 0-0: Called Strike
0-1: SINGLE (Line Drive, 7S, EV 105.0 MPH)
Batting: SHB Jason Larson 0-0: Called Strike
0-1: Ball
1-1: Ball
2-1: Swinging Strike
2-2: Foul Ball, location: 2F
2-2: Foul Ball, location: 2F
2-2: Strikes out looking
Batting: SHB Justin Wallace 0-0: Ball
1-0: Called Strike
1-1: Called Strike
1-2: Strikes out swinging
Bottom of the 6th over - 0 runs, 1 hit, 0 errors, 1 left on base; Lancaster 4 - St. Lucie 1
TOP OF THE 7TH
Lancaster JetHawks batting - Pitching for St. Lucie Mets : RHP Francis Cornick
Batting: LHB Bob Dietz 0-0: Called Strike
0-1: Swinging Strike
0-2: Foul Ball, location: 2F
0-2: Ground out 6-3 (Groundball, 6, EV 94.4 MPH)
Batting: RHB Elijah Hunter 0-0: Called Strike
0-1: Ball
1-1: Called Strike
1-2: Ball
2-2: Foul Ball, location: 2F
2-2: Strikes out swinging
Batting: RHB Jordan Williams 0-0: Ball
1-0: Foul Ball, location: 2F
1-1: Ball
2-1: Ball
3-1: Foul Ball, location: 2F
3-2: Foul Ball, location: 2F
3-2: Strikes out swinging
Top of the 7th over - 0 runs, 0 hits, 0 errors, 0 left on base; Lancaster 4 - St. Lucie 1
BOTTOM OF THE 7TH
St. Lucie Mets batting - Pitching for Lancaster JetHawks : RHP Moises Hernandez Jr.
Batting: LHB Adam Hairston 0-0: Ball
1-0: Ground out U3 (Groundball, 3, EV 84.4 MPH)
Batting: SHB Jason Evans 0-0: Called Strike
0-1: Foul Ball, location: 2F
0-2: Ball
1-2: SINGLE (Flyball, 7LS, EV 84.4 MPH)
Batting: RHB Bobby Mabrey 0-0: Ball
1-0: Foul Ball, location: 2F
1-1: Foul Ball, location: 2F
1-2: Ball
2-2: SINGLE (Line Drive, 6MD, EV 103.1 MPH)
Jason Evans to second
Batting: RHB Artyom Shavkunov 0-0: Swinging Strike
0-1: Grounds into double play, 3-6-3 (Groundball, 3, EV 91.2 MPH)
Bottom of the 7th over - 0 runs, 2 hits, 0 errors, 1 left on base; Lancaster 4 - St. Lucie 1
TOP OF THE 8TH
Lancaster JetHawks batting - Pitching for St. Lucie Mets : RHP Francis Cornick
Pitching: LHP Mike Mathews
Batting: LHB Mark Dearth 0-0: Called Strike
0-1: Ball
1-1: Ball
2-1: Foul Ball, location: 2F
2-2: Fly out, F8 (Flyball, 89D, EV 93.8 MPH)
Batting: RHB Sean Mounts 0-0: Ball
1-0: Fly out, F4 (Popup, 3S, EV 76.9 MPH)
Batting: RHB Andrew Pride 0-0: Ball
1-0: Called Strike
1-1: Called Strike
1-2: Strikes out swinging
Top of the 8th over - 0 runs, 0 hits, 0 errors, 0 left on base; Lancaster 4 - St. Lucie 1
BOTTOM OF THE 8TH
St. Lucie Mets batting - Pitching for Lancaster JetHawks : RHP Moises Hernandez Jr.
Batting: RHB Jake Geib 0-0: Called Strike
0-1: Ball
1-1: SINGLE (Groundball, 6MS, EV 66.2 MPH) (infield hit)
Batting: RHB Frank Shaw 0-0: Ball
1-0: Fly out, F9 (Flyball, 89S, EV 86.9 MPH)
Batting: RHB Zhao-ying Joe 0-0: Called Strike
0-1: Ball
1-1: Called Strike
1-2: Foul Ball, location: 2F
1-2: Ball
2-2: Ball
3-2: Strikes out swinging
Pitching: RHP Josh Willig
Batting: SHB Jason Larson 0-0: Ball
1-0: Ball
2-0: Called Strike
2-1: SINGLE (Groundball, 3, EV 111.2 MPH)
Jake Geib to second
Runner from 2nd tries for 3rd, SAFE, throw by RF made at trailing runner, OUT! 9-6
Bottom of the 8th over - 0 runs, 2 hits, 0 errors, 1 left on base; Lancaster 4 - St. Lucie 1
TOP OF THE 9TH
Lancaster JetHawks batting - Pitching for St. Lucie Mets : LHP Mike Mathews
Batting: RHB Workneh Lagat 0-0: Ball
1-0: Ground out 6-3 (Groundball, 6, EV 83.1 MPH)
Pinch Hitting: RHB Bobby Dunn 0-0: Called Strike
0-1: Called Strike
0-2: Ball
1-2: Strikes out looking
Batting: RHB Ben Hoffman 0-0: Ball
1-0: Ball
2-0: Called Strike
2-1: Ball
3-1: Fly out, F3 (Popup, 23F, EV 83.1 MPH)
Top of the 9th over - 0 runs, 0 hits, 0 errors, 0 left on base; Lancaster 4 - St. Lucie 1
BOTTOM OF THE 9TH
St. Lucie Mets batting - Pitching for Lancaster JetHawks : RHP Josh Willig
Now at 1B: Sam Spohn
Batting: SHB Justin Wallace 0-0: Called Strike
0-1: Ball
1-1: Foul Ball, location: 2F
1-2: Foul Ball, location: 2F
1-2: Ball
2-2: Fly out, F6 (Popup, 6M, EV 63.1 MPH)
Batting: LHB Adam Hairston 0-0: Foul Ball, location: 2F
0-1: Foul Ball, location: 2F
0-2: Foul Ball, location: 2F
0-2: Foul Ball, location: 2F
0-2: Fly out, F9 (Flyball, 89S, EV 83.1 MPH)
Batting: SHB Jason Evans 0-0: Called Strike
0-1: Ground out 4-3 (Groundball, 4M, EV 83.8 MPH)
Bottom of the 9th over - 0 runs, 0 hits, 0 errors, 0 left on base; Lancaster 4 - St. Lucie 1
Wednesday, June 22nd , 2022 - OOTP Baseball 23.4 Build 64